 Dungeon Crawl Stone Soup version 0.31-a0-675-g238779eb0a (webtiles) character file.

Game seed: 7781238814008278804

2 Revguard the Sneak (level 1, 0/18 HPs)
             Began as a Demonspawn Delver on Sept 5, 2023.
             Slain by an orc
             ... wielding a +0 club
              (2 damage)
             ... on level 4 of the Dungeon.
             The game lasted 00:00:52 (177 turns).

Revguard the Sneak (Demonspawn Delver)               Turns: 177, Time: 00:00:52

Health: 0/18       AC:  3    Str: 12    XL:     1   Next: 33%
Magic:  1/1        EV: 11    Int: 11    God:
Gold:   12         SH:  0    Dex: 14    Spells: 0/0 levels left

rFire   . . .        a - +0 short sword
rCold   . . .        (no shield)
rNeg    . . .        b - +0 leather armour
rPois   .            (no helmet)
rElec   .            (no cloak)
rCorr   .            (no gloves)
SInv    .            (no boots)
Will    .....        (no amulet)
Stlth   ++           (no ring)
HPRegen 0.23/turn    (no ring)
MPRegen 0.07/turn

%: no passive effects
@: no status effects
A: no striking features
a: no special abilities


You were on level 4 of the Dungeon.
You visited 1 branch of the dungeon, and saw 3 of its levels.

You collected 12 gold pieces.

Inventory:

Hand Weapons
 a - a +0 short sword (weapon)
 i - a +0 dagger
Armour
 b - a +0 leather armour (worn)
Wands
 g - a wand of digging (3)
Scrolls
 c - a scroll of fog
 d - a scroll of revelation
 e - a scroll of fear
 j - a scroll of identify {unknown}
Potions
 f - a potion of haste
 h - a potion of berserk rage {unknown}
 k - a potion of heal wounds {unknown}


   Skills:
 + Level 3.0 Fighting
 + Level 1.8 Short Blades
 + Level 0.0 Armour
 + Level 1.8 Dodging
 + Level 4.5 Stealth
 + Level 0.1 Invocations
 + Level 0.0 Evocations


You couldn't memorise any spells.
You didn't know any spells.
Your spell library was empty.

Dungeon Overview and Level Annotations

Branches:
Dungeon (5/15)
 Temple: D:4-7

Altars:
Ashenzari


Message History

The orc is heavily wounded.
The orc closely misses you.
The orc hits you from afar with a +0 trident!
You hit the orc but do no damage.
The orc is heavily wounded.
The orc hits you with a +0 club. The orc hits you but does no damage.
The orc hits you from afar with a +0 trident.
* * * LOW HITPOINT WARNING * * *
You are too injured to fight recklessly!
You are too injured to fight recklessly!
You are too injured to fight recklessly!
You are too injured to fight recklessly!
You are too injured to fight recklessly!
You are too injured to fight recklessly!
You are too injured to fight recklessly!
You are too injured to fight recklessly!
You are too injured to fight recklessly!
You are too injured to fight recklessly!
You are too injured to fight recklessly!
You are too injured to fight recklessly!
You are too injured to fight recklessly!
You are too injured to fight recklessly!
You are too injured to fight recklessly!
You are too injured to fight recklessly!
You are too injured to fight recklessly!
You are too injured to fight recklessly!
You are too injured to fight recklessly!
You are too injured to fight recklessly!
You are too injured to fight recklessly!
There is a stone staircase leading down here.
You can't go up here!
The orc hits you with a +0 club.
* * * LOW HITPOINT WARNING * * *
The orc misses you.
You climb downwards.
There is a stone staircase leading up here.
You closely miss the orc. The orc misses you.
You barely miss the orc. The orc barely misses you.
You closely miss the orc. The orc hits you with a +0 club.
You die...

......#.#.###..#####
# # #.###..#####
#..........#
###.##.###.# #>##.#
#.## #.##.# #..
#.##.# #.#
#.##.###.##
##.###....o@...#
...........###..#
................#
#############...#
#.#.# #.#.#########
#.#.........)
#.########### #.#


You could see an orc.

Vanquished Creatures
  A bat (D:3)
  A kobold (D:4)
2 creatures vanquished.

Notes
Turn   | Place    | Note
-------+----------+-------------------------------------------
     0 | D:5      | Revguard the Demonspawn Delver began the quest for the Orb.
     0 | D:5      | Reached XP level 1. HP: 18/18 MP: 1/1
    84 | D:4      | Found a broken altar of Ashenzari.
   177 | D:4      | Slain by an orc

Illustrated notes

Levels and vault maps discovered:
D:3:      layout_basic, uniq_robin
D:4:      layout_loops_ring, marbit_many_paths, corexii_hall_statues_l,
          uniq_edmund
D:5:      layout_basic, mainiacjoe_overflow_brackets, kennysheep_small_square

Action                     || total
---------------------------++-------
  Melee: Short sword       ||    12
   Stab: Sleeping          ||     1
 Armour: Leather armour    ||     9
  Dodge: Dodged            ||    10

Table legend: (Time is in decaauts)
 A = Elapsed time spent in this place.
 B = Non-inter-level travel time spent in this place.
 C = Inter-level travel time spent in this place.
 D = Time resting spent in this place.
 E = Time spent auto-exploring this place.
 F = Levels seen in this place.
 G = Mean time per level.
                   A        B        C        D        E       F      G
               +--------+--------+--------+--------+--------+-----+--------+
         Total |    176 |    176 |      0 |      0 |    113 |   3 |   58.7 |
       Dungeon |    176 |    176 |      0 |      0 |    113 |   3 |   58.7 |
               +--------+--------+--------+--------+--------+-----+--------+

Top non-repeatable levels by time:
     D:4: 133 daAuts
     D:5: 26 daAuts
     D:3: 16 daAuts
